 Dungeon Crawl Stone Soup version 0.17-a0-1763-g847a857 (console) character file.

74 Illiel the Shooter (level 4, 0/42 HPs)
             Began as a High Elf Arcane Marksman on Sept 5, 2015.
             Succumbed to an adder's poison
             ... on level 2 of the Dungeon.
             The game lasted 00:06:01 (1502 turns).

Illiel the Shooter (High Elf Arcane Marksman)       Turns: 1502, Time: 00:06:01

Health: 0/42       AC: 27    Str: 15    XL:     4   Next: 9%
Magic:  15/15      EV:  2    Int: 16    God:
Gold:   112        SH:  0    Dex: 21    Spells: 2 memorised, 2 levels left

rFire  . . .     SeeInvis .     b - +0 dagger (protect)
rCold  . . .     Clarity  .     (armour currently unavailable)
rNeg   + + +     SustAt   .     (no shield)
rPois  +         Gourm    .     (helmet currently unavailable)
rElec  .         Spirit   .     (cloak currently unavailable)
rCorr  .         Warding  .     (gloves currently unavailable)
rMut   .         NoTele   +     (boots currently unavailable)
MR     .....                    (no amulet)
Stlth  +++.......               (no ring)
                                r - ring of magical power

@: mighty, agile, lethally poisoned (0 -> -6), tree-form, very slightly
contaminated, not resistant to hostile enchantments, fairly stealthy
A: no striking features
a: no special abilities


You were on level 2 of the Dungeon.
You were hungry.
You were a tree.
You visited 1 branch of the dungeon, and saw 2 of its levels.

You collected 112 gold pieces.

Inventory:

Hand weapons
 a - a +0 shortbow
 b - a +0 dagger of protection (weapon)
Missiles
 n - 15 arrows
Armour
 c - a +0 robe (melded)
Jewellery
 r - a ring of magical power (left branch)
Scrolls
 f - 2 scrolls of identify {unknown}
 g - 2 scrolls of magic mapping {unknown}
 k - a scroll of blinking {unknown}
 l - a scroll of enchant weapon {unknown}
 o - a scroll of remove curse {unknown}
Books
 d - a book of Debilitation

   Spells                             Type                      Level
   a - Corona                         Hexes                        1
   b - Slow                           Hexes                        2
   c - Gell's Gravitas                Hexes/Translocation          3
   d - Inner Flame                    Hexes/Fire                   3
   e - Cause Fear                     Hexes                        4
   f - Leda's Liquefaction            Hexes/Earth                  4
Comestibles
 e - a bread ration
 j - 2 beef jerkies
 m - 3 meat rations
 t - 3 fruits


   Skills:
 - Level 1.0 Fighting
 + Level 5.8 Bows
 - Level 2.1 Dodging
 - Level 1.2 Spellcasting
 - Level 3.0 Hexes


You had 2 spell levels left.
You knew the following spells:

 Your Spells              Type           Power        Failure   Level  Hunger
a - Corona                Hex            ##.....      10%         1    ##.....
b - Slow                  Hex            ##......     12%         2    ###....


Dungeon Overview and Level Annotations

Branches:
Dungeon (2/15)

Altars:
Kikubaaqudgha
Qazlal
Sif Muna

Annotations:
D:2 Crazy Yiuf


Message History

Drink which item? (? for menu, Esc to quit)
It was a potion of might.
You feel very mighty all of a sudden.
* * * LOW HITPOINT WARNING * * *
You feel sick. The adder bites you but does no damage.
A bat comes into view.
You closely miss the adder.
* * * LOW HITPOINT WARNING * * *
You feel sick. The adder bites you but does no damage.
You barely miss the adder.
* * * LOW HITPOINT WARNING * * *
You feel sick. The adder bites you but does no damage.
The adder completely misses you.
You puncture the adder!
The adder is almost dead.
The adder bites you but does no damage.
You puncture the adder!
You kill the adder!
You have reached level 4!
You die...

▒∙∙∙∙∙∙▒▒∙∙∙∙▒∙▒∙∙∙∙∙∙∙∙▒▒▒▒
▒>∙∙∙∙∙∙∙∙∙∙∙∙∙∙∙∙∙∙∙∙∙∙∙∙[∙
▒▒▒∙∙∙∙∙∙▒▒∙▒▒∙▒∙▒∙▒∙∙∙▒∙∙∙∙∙∙
▒∙∙∙∙∙∙∙∙▒▒∙▒▒∙▒∙▒∙▒∙∙∙▒∙∙∙∙∙∙
▒∙▒▒▒▒▒▒∙▒▒∙▒▒∙▒∙▒∙▒∙(∙∙∙∙∙∙∙∙
▒∙▒ ▒∙∙∙∙▒∙∙∙∙▒∙∙∙∙▒∙∙∙▒▒▒▒
▒∙▒ ▒▒▒▒▒▒∙∙▒▒▒∙∙∙∙'∙∙∙▒
▒∙▒▒▒▒▒▒▒▒▒▒▒∙∙▒ ▒∙∙∙∙▒)▒∙▒
▒∙∙∙∙∙∙∙∙∙∙∙∙∙∙▒ ▒∙∙∙∙▒∙▒∙▒▒▒▒
▒▒▒▒▒▒▒▒▒▒▒▒▒▒∙▒▒▒▒▒▒▒▒∙▒∙▒∙∙∙
▒∙▒∙∙∙∙∙∙∙∙▒∙▒∙▒▒ ▒▒
▒∙▒∙▒▒▒▒▒▒▒▒∙▒∙▒ ∙∙∙
▒∙▒∙∙∙∙∙∙▒ ▒∙▒∙▒


∙∙∙∙ ▒∙▒▒▒▒▒▒∙▒ ▒∙▒∙▒▒ ∙∙∙∙∙ ▒∙∙∙∙∙<▒∙▒ ▒∙▒∙▒▒ ∙∙∙∙∙∙▒▒▒▒▒▒▒∙∙▒∙▒ ▒∙▒∙▒▒
∙(∙∙∙∙')î∙∙∙∙∙∙▒∙▒▒▒∙▒∙▒▒ ∙∙∙∙∙∙▒▒▒▒▒▒▒▒∙▒∙∙∙▒∙▒∙▒▒ ∙∙∙∙∙ ▒∙∙∙∙∙∙▒▒▒∙▒∙▒∙▒▒ ▒∙∙∙
▒∙∙∙∙∙∙∙∙∙∙▒∙▒∙▒▒ ▒∙∙ ▒▒▒▒▒▒▒▒▒▒▒▒∙▒∙▒ ▒∙ ▒∙∙∙∙▒▒▒ ∙ ▒∙▒▒▒▒ ▒∙▒ ▒∙▒ ▒∙▒ ▒∙▒
▒∙▒▒▒▒▒ ▒∙∙∙)'▒ ▒▒▒▒▒▒▒ There were no monsters in sight!

Vanquished Creatures
  3 adders
  2 worms (D:2)
  A ball python (D:2)
  3 bats (D:1)
  A giant cockroach (D:2)
  5 goblins
  6 hobgoblins
  6 jackals
  5 kobolds
  4 rats
36 creatures vanquished.

Notes
Turn   | Place    | Note
--------------------------------------------------------------
     0 | D:1      | Illiel the High Elf Arcane Marksman began the quest for the Orb.
     0 | D:1      | Reached XP level 1. HP: 13/13 MP: 3/3
   194 | D:1      | Reached XP level 2. HP: 16/18 MP: 4/4
   237 | D:1      | Learned a level 2 spell: Slow
   327 | D:1      | Reached skill level 4 in Bows
   661 | D:1      | Reached XP level 3. HP: 23/23 MP: 3/5
   881 | D:2      | Found a deep blue altar of Sif Muna.
   927 | D:2      | Reached skill level 5 in Bows
   981 | D:2      | Noticed Crazy Yiuf
  1129 | D:2      | Found an ancient bone altar of Kikubaaqudgha.
  1129 | D:2      | Found a stormy altar of Qazlal.
  1499 | D:2      | HP: 1/34 [poisoned by an adder]
  1502 | D:2      | Reached XP level 4. HP: 1/28 MP: 6/6
  1502 | D:2      | Succumbed to an adder's poison

Vault maps used:
D:1:      saegor_arrival_simple_d, serial_glass, glass_columns_a,
          glass_columns_a, item_on_display_a, feat_on_display,
          minmay_misc_feat_plants
D:2:      amethyst_overflow_temple_binary, lemuel_round_altar,
          lemuel_tele_altar, uniq_crazy_yiuf_cottage

Action                   |  1- 3 |  4- 6 || total
-------------------------+-------+-------++-------
Melee: Dagger            |     4 |       ||     4
 Fire: Shortbow          |   108 |       ||   108
 Cast: Corona            |    20 |       ||    20
       Slow              |     7 |       ||     7
  Use: Potion            |     4 |       ||     4
  Eat: Chunk             |     2 |       ||     2
